General information
			
			
        
        - name: BNet
 
        - type: Ladder 1vs1/FFA
 
        - host: Battle.net
 
        - saver: BEAR_AND
 
        
map: GnollWood 
        - players: 2
 
        - length: 49:52
 
        - speed: Fast
 - version: 1.22 W3XP
 - replay type:  

 
» download(158 KB)
Players
        team 1 (winner) 
              
              
BEAR_AND (
orange | 108 APM | 5376 actions | 49:52)
              
 6 Mountain King 
 3 Storm Bolt
 2 Bash
 1 Avatar
 5 Paladin 
 3 Holy Light
 2 Divine Shield
 5 Blood Mage 
 3 Flame Strike
 1 Banish
 1 Siphon Mana
 
                » actions 
                
                | Assign group hotkey | 19 |  | 
| Basic commands | 36 |  | 
| Build / train | 152 |  | 
| Enter build submenu | 92 |  | 
| Enter hero's abilities submenu | 17 |  | 
| Give item / drop item | 26 |  | 
| Remove unit from queue | 7 |  | 
| Right click | 3289 |  | 
| Select / deselect | 660 |  | 
| Select group hotkey | 744 |  | 
| Use ability | 333 |  | 
                5376 total
 » units 
                » upgrades
                
                | Masonry | 3 |  | 
| Lumber Harvesting | 2 |  | 
| Magic Sentry | 1 |  | 
| Priest Training | 2 |  | 
                8 total
 » buildings
                
                | Altar of Kings | 1 |  | 
| Barracks | 2 |  | 
| Farm | 5 |  | 
| Scout Tower | 106 |  | 
| Arcane Tower | 5 |  | 
| Lumber Mill | 1 |  | 
| Arcane Vault | 3 |  | 
| Guard Tower | 43 |  | 
| Keep | 1 |  | 
| Town Hall | 3 |  | 
| Arcane Sanctum | 1 |  | 
| Castle | 1 |  | 
| Gryphon Aviary | 8 |  | 
| Blacksmith | 1 |  | 
                181 total
 » build order
                00:14 Altar of Kings
00:20 Barracks
00:32 Farm
00:51 Farm
01:49 Farm
01:52 Scout Tower
02:24 Arcane Tower
02:31 Farm
03:04 Lumber Mill
03:37 Arcane Vault
04:03 Scout Tower
04:13 Scout Tower
04:43 Guard Tower
04:52 Scout Tower
04:53 Scout Tower
04:58 Keep
05:50 Guard Tower
05:55 Scout Tower
05:56 Scout Tower
06:54 Guard Tower
07:01 Town Hall
07:37 Scout Tower
07:38 Scout Tower
07:39 Scout Tower
07:40 Scout Tower
07:41 Scout Tower
08:07 Guard Tower
08:11 Arcane Sanctum
08:35 Guard Tower
09:20 Arcane Tower
09:25 Guard Tower
10:51 Castle
11:50 Scout Tower
11:51 Scout Tower
11:52 Scout Tower
11:54 Scout Tower
11:55 Scout Tower
11:57 Scout Tower
11:58 Guard Tower
13:03 Town Hall
13:07 Scout Tower
13:08 Scout Tower
13:09 Scout Tower
13:11 Scout Tower
13:12 Scout Tower
13:14 Scout Tower
13:15 Scout Tower
13:21 Guard Tower
14:07 Arcane Tower
14:08 Guard Tower
14:34 Guard Tower
14:44 Guard Tower
14:47 Scout Tower
14:48 Scout Tower
14:49 Scout Tower
14:50 Scout Tower
14:51 Scout Tower
14:52 Scout Tower
14:53 Scout Tower
14:54 Scout Tower
16:11 Guard Tower
16:22 Arcane Tower
16:35 Guard Tower
17:16 Guard Tower
17:20 Guard Tower
17:23 Guard Tower
17:49 Scout Tower
17:50 Scout Tower
17:51 Scout Tower
18:56 Guard Tower
20:05 Town Hall
20:26 Guard Tower
20:27 Scout Tower
20:29 Scout Tower
20:29 Scout Tower
20:30 Scout Tower
20:33 Scout Tower
20:33 Scout Tower
20:34 Scout Tower
20:35 Scout Tower
20:36 Scout Tower
20:37 Scout Tower
21:10 Arcane Vault
21:31 Arcane Tower
21:52 Guard Tower
22:28 Guard Tower
22:33 Guard Tower
22:34 Scout Tower
23:04 Guard Tower
23:05 Scout Tower
23:05 Scout Tower
23:06 Scout Tower
23:08 Scout Tower
23:10 Scout Tower
23:11 Scout Tower
23:12 Scout Tower
23:12 Scout Tower
23:13 Scout Tower
23:13 Scout Tower
23:15 Scout Tower
23:15 Scout Tower
23:16 Scout Tower
23:35 Scout Tower
23:36 Scout Tower
23:36 Scout Tower
23:38 Scout Tower
23:40 Scout Tower
23:42 Scout Tower
23:43 Scout Tower
23:58 Guard Tower
23:59 Guard Tower
25:27 Gryphon Aviary
26:38 Scout Tower
26:39 Scout Tower
26:40 Scout Tower
26:41 Scout Tower
26:42 Scout Tower
26:44 Scout Tower
26:45 Scout Tower
26:47 Scout Tower
27:19 Guard Tower
27:39 Guard Tower
27:58 Guard Tower
28:05 Guard Tower
29:30 Guard Tower
29:31 Guard Tower
29:59 Scout Tower
30:01 Scout Tower
30:01 Scout Tower
30:07 Scout Tower
30:07 Scout Tower
30:08 Scout Tower
31:22 Guard Tower
31:24 Arcane Vault
31:43 Guard Tower
31:45 Scout Tower
31:45 Scout Tower
31:46 Scout Tower
31:47 Scout Tower
31:48 Scout Tower
31:49 Scout Tower
32:31 Scout Tower
32:33 Scout Tower
32:34 Scout Tower
32:35 Scout Tower
33:28 Guard Tower
34:11 Scout Tower
34:12 Scout Tower
34:29 Guard Tower
34:30 Scout Tower
34:32 Scout Tower
34:32 Scout Tower
35:08 Guard Tower
35:37 Scout Tower
35:38 Scout Tower
35:39 Scout Tower
35:40 Scout Tower
35:59 Guard Tower
36:35 Guard Tower
36:36 Guard Tower
36:48 Guard Tower
37:53 Guard Tower
37:56 Scout Tower
37:56 Scout Tower
37:57 Scout Tower
37:58 Scout Tower
43:06 Guard Tower
43:10 Scout Tower
43:12 Scout Tower
43:55 Guard Tower
47:50 Gryphon Aviary
47:51 Gryphon Aviary
48:03 Gryphon Aviary
48:05 Gryphon Aviary
48:06 Gryphon Aviary
48:07 Farm
48:09 Blacksmith
48:10 Barracks
48:15 Gryphon Aviary
48:16 Gryphon Aviary
» items
                
                | Boots of Speed | 3 |  | 
| Staff of Teleportation | 2 |  | 
| Scroll of Regeneration | 3 |  | 
| Lesser Clarity Potion | 16 |  | 
| Staff of Sanctuary | 3 |  | 
| Orb of Fire | 2 |  | 
                29 total
  
               team 2 (loser) 
              
              
» 
Kebert-Xela (
blue | 37 APM | 1839 actions | 49:50)
              
 5 Warden 
 3 Shadow Strike
 1 Fan of Knives
 1 Blink
 
                » actions 
                
                | Assign group hotkey | 68 |  | 
| Basic commands | 146 |  | 
| Build / train | 90 |  | 
| ESC pressed | 1 |  | 
| Enter build submenu | 27 |  | 
| Enter hero's abilities submenu | 5 |  | 
| Remove unit from queue | 3 |  | 
| Right click | 340 |  | 
| Select / deselect | 506 |  | 
| Select group hotkey | 570 |  | 
| Use ability | 83 |  | 
                1839 total
 » units 
                
                | Wisp | 22 |  | 
| Huntress | 7 |  | 
| Archer | 6 |  | 
| Mountain Giant | 2 |  | 
| Dryad | 1 |  | 
| Glaive Thrower | 6 |  | 
| Druid of the Claw | 2 |  | 
| Chimaera | 24 |  | 
                70 total
 » upgrades
                
                | Moon Armor | 2 |  | 
| Strength of the Moon | 1 |  | 
| Improved Bows | 1 |  | 
| Druid of the Claw Training | 2 |  | 
| Upgrade Moon Glaive | 1 |  | 
| Corrosive Breath | 1 |  | 
| Vorpal Blades | 1 |  | 
                9 total
 » buildings
                
                | Altar of Elders | 1 |  | 
| Moon Well | 10 |  | 
| Ancient of War | 2 |  | 
| Hunter's Hall | 1 |  | 
| Tree of Ages | 1 |  | 
| Tree of Life | 2 |  | 
| Ancient of Wonders | 1 |  | 
| Ancient of Lore | 1 |  | 
| Ancient of Wind | 1 |  | 
| Tree of Eternity | 1 |  | 
| Ancient Protector | 2 |  | 
| Chimaera Roost | 3 |  | 
                26 total
 » build order
                00:07 Altar of Elders
00:11 Moon Well
00:34 Ancient of War
02:09 Hunter's Hall
02:28 Ancient of War
03:19 Moon Well
03:51 Moon Well
04:33 Tree of Ages
07:21 Tree of Life
08:37 Ancient of Wonders
08:43 Ancient of Lore
08:49 Moon Well
11:23 Moon Well
12:54 Moon Well
13:44 Ancient of Wind
13:46 Tree of Eternity
15:55 Tree of Life
16:05 Ancient Protector
16:09 Ancient Protector
16:45 Chimaera Roost
20:18 Moon Well
20:19 Moon Well
20:21 Moon Well
21:27 Moon Well
38:00 Chimaera Roost
39:37 Chimaera Roost
 
                Chat log
          
(13:23 / All) BEAR_AND: yeowch
(13:35 / All) Kebert-Xela: think you built enough towers
(13:44 / All) BEAR_AND: i got about 10 so far
(13:48 / All) BEAR_AND: going for maybe a thousand?
(19:43 / All) BEAR_AND: bahahaha
(20:52 / All) BEAR_AND: careful!
(27:11 / All) Kebert-Xela: god you are such a pussy
(27:15 / All) BEAR_AND: ?
(27:17 / All) BEAR_AND: angry?>
(27:23 / All) Kebert-Xela: this isn't fun
(27:28 / All) BEAR_AND: yes it is!
(27:33 / All) Kebert-Xela: how so
(27:37 / All) BEAR_AND: you're just on the wrong side of the towers
(28:09 / All) Kebert-Xela: I don't see how it is fun from your side either
(28:14 / All) BEAR_AND: try it sometime
(28:21 / All) BEAR_AND: http://highper.ch/ for towering guides and replays
(28:25 / All) Kebert-Xela: I have
(28:34 / All) Kebert-Xela: and I didn't find it rewarding
(28:45 / All) Kebert-Xela: it is fucking cheap
(33:30 / All) BEAR_AND: seriously dude?
(33:34 / All) BEAR_AND: full army v. heroes?
(33:56 / All) Kebert-Xela: have that food
(34:19 / All) Kebert-Xela: and a shit load of rtowers
(34:59 / All) Kebert-Xela: god your a pussy
(35:06 / All) BEAR_AND: angry?
(35:37 / All) Kebert-Xela: I hate people like you 
(35:42 / All) Kebert-Xela: you make this game suck
(35:45 / All) BEAR_AND: you can call me to discuss your anger
(35:48 / All) BEAR_AND: 647-869-9830
(35:49 / All) Kebert-Xela: you probably map hack too
(35:51 / All) BEAR_AND: towers are my favorite
(35:54 / All) BEAR_AND: nah i don't cheat :)
(35:59 / All) Kebert-Xela: go fuck your self
(36:11 / All) BEAR_AND: hey.  towers are my strategy of choice.
(36:16 / All) BEAR_AND: yours is losing 5food units to towers
(36:21 / All) Kebert-Xela: because you can't micro
(36:28 / All) BEAR_AND: from the guy who loses chims to towers
(36:31 / All) BEAR_AND: lmfao
(37:02 / All) Kebert-Xela: not my fault they attack other things than I told them to
(37:11 / All) BEAR_AND: actually that's precisely your fault
(37:13 / All) Kebert-Xela: they start attacking the fucking hero and not the tower
(37:24 / All) Kebert-Xela: yeah exactly pecisely
(37:28 / All) BEAR_AND: :)
(37:51 / All) Kebert-Xela: towers are the only way you know how to win
(37:53 / All) Kebert-Xela: lol
(38:05 / All) BEAR_AND: what a matter?
(38:06 / All) Kebert-Xela: to make the person leave
(38:08 / All) BEAR_AND: can't kill a tower?
(38:17 / All) Kebert-Xela: 300 of them lol
(38:28 / All) Kebert-Xela: go beat off to lord of the rings
(38:34 / All) BEAR_AND: bahahahahaha
(38:38 / All) BEAR_AND: 647-869-9830  file a complaint
(38:48 / All) BEAR_AND: until then enjoy more towering replays at http://highper.ch/  my website
(38:56 / All) BEAR_AND: you might just end up starring
(39:06 / All) Kebert-Xela: eat a dick
(42:03 / All) BEAR_AND: rofl
(42:38 / All) BEAR_AND: lmao
(42:51 / All) BEAR_AND: you kill 2 towers?
(42:52 / All) BEAR_AND: 200 gold...
(42:57 / All) BEAR_AND: i kill 4 chimaera?
(43:19 / All) Kebert-Xela: it's not my fault that you like wasting your time
(43:26 / All) BEAR_AND: i like wasting YOUR time :)
(44:00 / All) Kebert-Xela: I should have just rushe dyou kn the first place
(44:10 / All) BEAR_AND: you would have lost that way too :)
(44:11 / All) Kebert-Xela: you would have never survived it
(44:18 / All) Kebert-Xela: yeah fucking right
(44:29 / All) Kebert-Xela: you had noting in the beginning
(44:36 / All) BEAR_AND: nothing but towers
(44:37 / All) Kebert-Xela: absolutely nothign
(44:37 / All) BEAR_AND: and micro
(44:41 / All) Kebert-Xela: you teched
(44:50 / All) Kebert-Xela: you don have to have micro with towers
(44:51 / All) BEAR_AND: remember when i smashed your warden in the fucking face
(45:07 / All) BEAR_AND: i sure outmicro your units with these heroes . . . owned
(45:17 / All) Kebert-Xela: is that what you call storm bolt
(45:19 / All) BEAR_AND: anyway you're an angry noob?  i'm a tower master
(45:30 / All) BEAR_AND: if you got a problem with towers you got a problem....with me
(45:38 / All) Kebert-Xela: that is about the only thing you are a master at
(45:49 / All) Kebert-Xela: you could micro yourself out of a wet paper bag
(45:56 / All) BEAR_AND: bahahahahaha
(46:00 / All) BEAR_AND: check apms after game
(46:03 / All) Kebert-Xela: just because you kill one of my heroes
(46:08 / All) BEAR_AND: start spamming now birdnoob
(46:46 / All) Kebert-Xela: I don't have to spam my building
(47:22 / All) BEAR_AND: here comes Ownage
(47:41 / All) BEAR_AND: 100food chim
(47:43 / All) BEAR_AND: that's more like it
(48:41 / All) BEAR_AND: quiet child
(48:44 / All) BEAR_AND: quaint child
(48:45 / All) BEAR_AND: quit child
(49:27 / All) Kebert-Xela: whatever you win bro
(49:31 / All) BEAR_AND: of course i win
(49:35 / All) BEAR_AND: i'm bearand
(49:41 / All) Kebert-Xela: hope you feel good jacking off to your tower replays
(49:46 / All) BEAR_AND: http://highper.ch